 Dungeon Crawl Stone Soup version 0.25-a0-1079-g858b6a6ff6 (webtiles) character file.

Game seed: 7305172745554026356, levelgen mode: deterministic

3 Esekla the Magician (level 1, 0/11 HPs)
             Began as an Octopode Wizard on May 15, 2020.
             Slain by a leopard gecko (3 damage)
             ... on level 2 of the Dungeon.
             The game lasted 00:02:43 (296 turns).

Esekla the Magician (Octopode Wizard)                Turns: 296, Time: 00:02:44

Health: 0/11       AC:  1    Str:  6    XL:     1   Next: 50%
Magic:  4/4        EV: 12    Int: 20    God:
Gold:   28         SH:  3    Dex: 10    Spells: 5/6 levels left

rFire    . . .     SeeInvis .   (no weapon)
rCold    . . .     Gourm    .   b - +0 buckler
rNeg     . . .     Faith    .   a - +0 hat
rPois    .         Spirit   .   (no amulet)
rElec    .         Reflect  .   f - ring of attention (curse)
rCorr    .         Harm     .   (no ring)
MR       .....                  (no ring)
Stlth    ++........             (no ring)
HPRegen  0.03/turn              (no ring)
MPRegen  0.09/turn              (no ring)
                                (no ring)
                                (no ring)

@: no status effects
A: almost no armour, stealthy swim, amphibious, 8 rings, constrict 8, camouflage
1, gelatinous body 1
a: no special abilities


You were on level 2 of the Dungeon.
You were not hungry.

You visited 1 branch of the dungeon, and saw 2 of its levels.

You collected 28 gold pieces.

Inventory:

Hand Weapons
 e - a +0 short sword of venom
Armour
 a - a +0 hat (worn)
 b - a +0 buckler (worn)
 d - a +2 kite shield
Jewellery
 f - a cursed ring of attention (left tentacle)
Potions
 g - a potion of stabbing {unknown}
 h - a potion of berserk rage
Comestibles
 c - 2 rations


   Skills:
 + Level 2.0 Dodging
 - Level 2.6 Stealth
 * Level 3.1 Spellcasting
 + Level 1.0 Conjurations
   Level 1.0 Summonings
   Level 1.0 Translocations


You had 5 spell levels left.
You knew the following spells:

 Your Spells              Type           Power        Failure   Level  Hunger
a - Magic Dart            Conj           #...         16%         1    None

Your spell library contained the following spells:

 Spells                   Type           Power        Failure   Level  Hunger
 Blink                    Tloc           N/A          24%         2    ##.....
 Call Imp                 Summ           #.......     24%         2    ##.....
 Slow                     Hex            #.......     34%         2    ##.....
 Conjure Flame            Conj/Fire      #.......     50%         3    ###....
 Mephitic Cloud           Conj/Pois/Air  #.......     52%         3    ###....


Dungeon Overview and Level Annotations

Branches:
Dungeon (2/15)

Altars:


Innate Abilities, Weirdness & Mutations

You cannot wear most types of armour.
You are very stealthy in the water. (Stealth+)
You are amphibious.
You can wear up to eight rings at the same time.
You can use your tentacles to constrict eight enemies at once.
Your skin changes colour to match your surroundings (Stealth+).
Your rubbery body absorbs attacks. (AC +1, EV +1)


Message History

The leopard gecko hisses angrily.
Found 21 stones.
Found a stone staircase leading down.
A frilled lizard comes into view.
You block the leopard gecko's attack. The leopard gecko closely misses you.
Found a scroll labeled KIXTIRH LENIT.
The leopard gecko hisses menacingly.
Found 19 stones.
You see here 21 stones.
The leopard gecko bites you.
* * * LOW HITPOINT WARNING * * *
Found a glowing short sword.
There is a stone staircase leading down here.
You see here a glowing short sword.
e - a glowing short sword The frilled lizard hisses angrily.
The leopard gecko bites you but does no damage.
The frilled lizard hisses.
The leopard gecko bites you.
You die...

..# #####..+
.......# #.#....#
#.#....###+#
##?#........
#.........#
#.@.......#
#.l>...l..###
##.#........#
####.#.(.####.
#........#
.(.#.##.## #..#.##.#
#..#.##.#
........############


You could see a leopard gecko and a frilled lizard.

Vanquished Creatures
  A giant cockroach (D:1)
  2 bats
  A rat (D:2)
4 creatures vanquished.

Notes
Turn   | Place    | Note
-------+----------+-------------------------------------------
     0 | D:1      | Esekla the Octopode Wizard began the quest for the Orb.
     0 | D:1      | Reached XP level 1. HP: 11/11 MP: 4/4
   296 | D:2      | Slain by a leopard gecko

Illustrated notes

Levels and vault maps discovered:
D:1:      matt_arrival_spirals, layout_loops_ring
D:2:      layout_loops_ring, lightli_temple_of_fire,
          lemuel_coloured_pillars_altar, lemuel_doored_altar, uniq_natasha

Action                   || total
-------------------------++-------
 Cast: Magic Dart        ||     6
  Use: Scroll            ||     2
Armor: Skin              ||     1
Dodge: Dodged            ||     1
Block: Buckler           ||     1

Table legend:
 A = Non-vault XP
 B = Vault XP
 C = Vault XP percentage of total XP
 D = Non-vault monster count
 E = Vault monster count
 F = Vault count percentage of total count
                 A         B        C        D         E       F
            +---------+---------+-------+---------+---------+-------
      Total |       5 |       0 |   0.0 |       4 |       0 |   0.0
            +---------+---------+-------+---------+---------+-------
        D:1 |       3 |       0 |   0.0 |       2 |       0 |   0.0
        D:2 |       2 |       0 |   0.0 |       2 |       0 |   0.0
            +---------+---------+-------+---------+---------+-------
